AoeStats
← Koschinski

Arabia

503654795Analyzed
2v2 RM · 1mo ago on Sep 1, 2026· 33m 59s· 4 players
Game mode
Random Map
Map size
Medium (4 player)
Population
200
Speed
Normal
Resources
Standard
Victory
Conquest
Starting age
Dark Age
Ending age
Imperial Age
RankedLock teamsTeams togetherTeam positionsShared explorationLock speedFull tech treeHidden civsTurbo modeCheats
Victory
Defeat
🇩🇪 Hindustanis · Germany
1126
+16
🇮🇳 Koreans · India
1062
+19
🇩🇪 Huns · Germany
1184
-20
🇩🇪 Dravidians · Germany
1059
-14
Bumsebene
9:55 Feudal Age
8:11 Loom
12:55 Bloodlines
13:23 Bloodlines
17:02 Scale Barding Armor
23:32 Double-Bit Axe
28:36 Castle Age
28:36 Forging
29:16 Wheelbarrow
28:41 Horse Collar
29:19 Husbandry
29:24 Gold Mining
33:34 Bow Saw
33:56 Chain Barding Armor
Baristan
6:12 Loom
9:08 Feudal Age
9:36 Double-Bit Axe
12:53 Horse Collar
15:07 Fletching
21:21 Castle Age
21:31 Crossbowman
22:10 Bodkin Arrow
22:27 Bow Saw
24:00 Thumb Ring
26:19 Ballistics
26:33 Heavy Plow
28:36 Gold Mining
30:02 Wheelbarrow
33:21 Stone Mining
33:53 Squires
Koschinski
0:27 Loom
11:37 Feudal Age
13:58 Double-Bit Axe
14:04 Horse Collar
15:45 Scale Barding Armor
17:12 Forging
17:58 Bloodlines
21:35 Wheelbarrow
25:47 Stone Mining
25:47 Gold Mining
28:09 Castle Age
29:37 Hand Cart
30:03 Gold Shaft Mining
33:23 Chain Barding Armor
LeChuck
11:23 Feudal Age
10:05 Loom
11:57 Man-at-Arms
16:49 Double-Bit Axe
25:17 Castle Age
27:19 Gold Mining
28:30 Scale Barding Armor
Connection lost

Rejoining the realm…

Still unreachable

The connection could not be restored.

Session expired

The server has moved on; the page needs a fresh start.